 Dungeon Crawl Stone Soup version 0.27.0-1-g7a089689b8 (webtiles) character file.

Game seed: 15960421418155232160

123 Brandom the Poker (level 5, -6/42 HPs)
             Began as a Merfolk Abyssal Knight on Aug 11, 2021.
             Was a Follower of Lugonu.
             Splashed by a jelly's acid (10 damage)
             ... on level 3 of the Dungeon.
             The game lasted 00:06:54 (3451 turns).

Brandom the Poker (Merfolk Abyssal Knight)          Turns: 3451, Time: 00:06:54

Health: -6/42      AC:  2    Str: 13    XL:     5   Next: 7%
Magic:  7/7        EV: 11    Int: 11    God:    Lugonu [*.....]
Gold:   134        SH:  5    Dex: 20    Spells: 4/4 levels left

rFire    . . .     SeeInvis .   a - +1 spear
rCold    . . .     Faith    .   d - +0 buckler
rNeg     . . .     Spirit   .   f - +0 ring mail
rPois    +         Reflect  .   (no helmet)
rElec    .         Harm     .   q - +0 cloak
rCorr    .         Rampage  .   (no gloves)
Will     .....                  (no boots)
Stlth    +.........             (no amulet)
HPRegen  0.14/turn              m - +6 ring of dexterity
MPRegen  0.10/turn              p - ring of poison resistance

@: corroded
A: (nimble swimmer 2), mertail
a: Renounce Religion, Depart the Abyss


You were on level 3 of the Dungeon.
You worshipped Lugonu.
Lugonu was aware of your devotion.
You visited 1 branch of the dungeon, and saw 4 of its levels.
You visited the Abyss 1 time.

You collected 134 gold pieces.

Inventory:

Hand Weapons
 a - a +1 spear (weapon)
Armour
 b - a +0 leather armour
 d - a +0 buckler (worn)
   (You found it on level 1 of the Dungeon)
 f - a +0 ring mail (worn)
   (You took it off a hobgoblin on level 1 of the Dungeon)
 q - a +0 cloak (worn)
   (You found it on level 3 of the Dungeon)
Jewellery
 i - a ring of magical power
   (You found it on level 1 of the Dungeon)
 m - a +6 ring of dexterity (left hand)
   (You found it on level 2 of the Dungeon)
 p - a ring of poison resistance (right hand)
   (You found it on level 3 of the Dungeon)
Scrolls
 c - 2 scrolls of teleportation {unknown}
 e - 2 scrolls of identify {unknown}
 g - a scroll of enchant weapon {unknown}
 n - a scroll of holy word {unknown}
 o - a scroll of fear {unknown}
Potions
 h - a potion of haste {unknown}
 j - a potion of might {unknown}
 k - a potion of mutation {unknown}
 l - a potion of curing {unknown}


   Skills:
 + Level 3.7 Fighting
 * Level 4.8 Polearms
 + Level 1.3 Armour
 + Level 3.5 Dodging
 + Level 1.1 Shields
 + Level 2.6 Invocations


You had 4 spell levels left.
You didn't know any spells.
Your spell library contained the following spells:

 Spells                   Type           Power      Damage    Failure   Level
 Animate Skeleton         Necr           0%         N/A       73%         1
 Apportation              Tloc           0%         N/A       73%         1
 Corona                   Hex            0%         N/A       73%         1
 Summon Small Mammal      Summ           0%         N/A       73%         1
 Corpse Rot               Necr/Air       N/A        N/A       86%         2
 Poisonous Vapours        Pois/Air       0%         N/A       86%         2
 Freezing Cloud           Conj/Ice/Air   0%         6-21      100%        5


Dungeon Overview and Level Annotations

Branches:
Dungeon (4/15)
 Temple: D:4-7

Altars:
Ru

Shops:
D:1 :


Innate Abilities, Weirdness & Mutations

((You are quick and stealthy near water. (Stealth+, EV+, Speed+++)))
Your lower body shifts to a powerful aquatic tail in water.


Message History

No target in view!
No target in view!
No target in view!
No target in view!
No target in view!
No target in view!
No target in view!
No target in view!
No target in view!
No target in view!
No target in view!
No target in view!
No target in view!
No target in view!
No target in view!
Things that are here:
a +0 club; a goblin corpse
Things that are here:
a +0 club; a goblin corpse You pick your way through the web.
There is a web here.
Done exploring.
Done exploring.
Done exploring.
(D) Dungeon
Where to? (Enter - D:3, ? - help)
There is a stone staircase leading down here.
You climb downwards.
A jelly comes into view.
The jelly quivers.
There is a stone staircase leading up here.
You hit the jelly.
Your hands burn!
The jelly hits you but does no damage.
You hit the jelly. The acid corrodes you!
Your hands burn!
You hit the jelly but do no damage. The acid corrodes you!
Your hands burn!
The jelly hits you.
You are splashed with acid!
* * * LOW HITPOINT WARNING * * *
There is a stone staircase leading up here.
The jelly hits you.
* * * LOW HITPOINT WARNING * * *
You are splashed with acid!
* * * LOW HITPOINT WARNING * * *
You climb upwards.
There is a stone staircase leading down here.
You are no longer corroded.
You hit the jelly. The acid corrodes you!
Your hands burn!
* * * LOW HITPOINT WARNING * * *
The jelly hits you.
* * * LOW HITPOINT WARNING * * *
You are splashed with acid!
You die...

..........# #........#
..........# #........#
..........# #........#
....#...########## #........#
....##..# #......# #......).#
....##..# #.####.# #........#
....###.# #.# #.# #........#
....# #># #.# #.# #........#
....# #.###.####@# #........#
...)# #........J.# #........#
..>.####.###.########........#
....#.........####...........#
.......#.#.....#.............#
....#..#.......##..#.#####.###
....#..........##..#.# #.#
##.##.##.#.#.......#.# #.#
.........#.#.#.....#.# #.#


You could see a jelly.

Vanquished Creatures
  Terence (D:2)
  Jessica (D:2)
  3 adders (D:2)
  2 worms (D:2)
  An orc (D:2)
  4 endoplasms
  6 goblins
  3 hobgoblins
  5 kobolds
  4 ball pythons
  2 bats
  2 frilled lizards (D:1)
  5 rats
39 creatures vanquished.

Vanquished Creatures (others)
  A fungus (D:3)
  A plant (D:1)
2 creatures vanquished.

Grand Total: 41 creatures vanquished

Notes
Turn   | Place    | Note
-------+----------+-------------------------------------------
     0 | Abyss:1  | Brandom the Merfolk Abyssal Knight began the quest for the
                  | Orb.
     0 | Abyss:1  | Reached XP level 1. HP: 18/18 MP: 2/2
   100 | Abyss:1  | Found a snail-covered altar of Cheibriados.
   112 | Abyss:1  | Found a sparkling altar of Nemelex Xobeh.
   158 | Abyss:1  | Noticed an efreet
   202 | Abyss:1  | Noticed a quasit
   203 | D:1      | Escaped the Abyss
   360 | D:1      | Reached * piety under Lugonu
   361 | D:1      | Reached XP level 2. HP: 10/24 MP: 3/3
   553 | D:1      | Found Voliruos's Book Emporium.
   694 | D:1      | Found a faded altar of an unknown god.
  1325 | D:2      | Reached XP level 3. HP: 25/29 MP: 4/4
  1462 | D:2      | Reached skill level 4 in Polearms
  1462 | D:2      | Reached skill level 1 in Armour
  1774 | D:2      | Noticed Jessica
  1779 | D:2      | Killed Jessica
  1780 | D:2      | Reached skill level 1 in Shields
  1780 | D:2      | Reached XP level 4. HP: 33/36 MP: 5/5
  2142 | D:2      | Noticed Terence
  2168 | D:2      | Killed Terence
  2740 | D:3      | Reached XP level 5. HP: 42/42 MP: 5/7
  3144 | D:3      | Found a sacrificial altar of Ru.
  3451 | D:3      | Splashed by a jelly's acid

Illustrated notes

Levels and vault maps discovered:
D:1:      saegor_arrival_simple_a, layout_basic, shapermc_ecumenical_altar_gd,
          serial_shops, nicolae_shop_statue_plus, minmay_pentomino_t4
D:2:      layout_basic, uniq_terence, uniq_jessica
D:3:      layout_basic, nicolae_ru_the_path_less_chosen
D:4:      layout_cave_pools, ashenzari_altar_1,
          gammafunk_temple_overflow_elements

Skill      XL: |  1  2  3 |
---------------+----------+-----
Dodging        | 3 |  3.5
Polearms       | 4 |  4.8
Armour         | 1 |  1.3
Shields        | 1 |  1.1
Fighting       | |  3.7
Invocations    | |  2.6

Action                   |  1- 3 |  4- 6 || total
-------------------------+-------+-------++-------
Melee: Spear             |    88 |    82 ||   170
Invok: Depart the Abyss  |     1 |       ||     1
Armor: Leather armour    |     2 |       ||     2
       Ring mail         |     5 |    23 ||    28
Dodge: Dodged            |    27 |    15 ||    42
Block: Buckler           |     1 |    12 ||    13
